AoeStats
← Maty

Fortress

510183868Analyzed
4v4 RM · 2d ago on Sep 29, 2026· 53m 7s· 8 players
Game mode
Random Map
Map size
Huge
Population
200
Speed
Normal
Resources
Standard
Victory
Conquest
Starting age
Dark Age
Ending age
Imperial Age
RankedLock teamsTeams togetherTeam positionsShared explorationLock speedFull tech treeHidden civsTurbo modeCheats
Victory
Defeat
🇸🇪 Huns · Sweden
1447
+13
🇪🇨 Spanish · Ecuador
1418
+14
🇷🇸 Aztecs · Serbia
1412
+15
🇵🇪 Dravidians · Peru
1389
+16
🇹🇷 Inca · Türkiye
1479
-18
🇹🇷 Goths · Türkiye
1405
-15
🇹🇷 Hindustanis · Türkiye
1400
-15
🇹🇷 Slavs · Türkiye
1254
-10
AckeLegenda
8:38 Feudal Age
8:21 Loom
12:11 Castle Age
10:01 Double-Bit Axe
13:46 Gold Mining
15:23 Scale Mail Armor
19:01 Forging
23:09 Chain Mail Armor
28:21 Iron Casting
29:38 Wheelbarrow
28:46 Horse Collar
35:23 Arson
36:26 Squires
39:54 Imperial Age
41:58 Plate Mail Armor
42:30 Blast Furnace
42:08 Elite Jaguar Warrior
43:09 Conscription
43:43 Garland Wars
43:44 Conscription
43:13 Capped Ram
48:17 Caravan
Maty
7:29 Feudal Age
11:05 Castle Age
9:20 Double-Bit Axe
9:40 Horse Collar
13:15 Bow Saw
18:22 Wheelbarrow
19:35 Wheelbarrow
19:46 Wheelbarrow
19:33 Heavy Plow
20:41 Loom
20:55 Gold Mining
20:57 Stone Mining
22:37 Hand Cart
22:08 Town Watch
27:32 Imperial Age
25:57 Stone Shaft Mining
25:44 Caravan
26:16 Coinage
26:29 Bloodlines
26:32 Scale Barding Armor
26:31 Husbandry
27:26 Forging
27:38 Chain Barding Armor
27:38 Cavalier
28:55 Iron Casting
29:06 Guilds
29:59 Banking
30:13 Plate Barding Armor
31:04 Conscription
31:57 Blast Furnace
33:18 Two-Man Saw
31:51 Paladin
34:04 Supremacy
35:41 Fletching
36:04 Masonry
36:55 Chemistry
36:17 Ballistics
40:59 Fortified Wall
41:21 Architecture
41:28 Hoardings
42:48 Murder Holes
42:39 Arrowslits
42:52 Bodkin Arrow
DarkOrsted
7:24 Feudal Age
11:11 Castle Age
9:14 Double-Bit Axe
12:44 Bow Saw
13:19 Horse Collar
15:24 Wheelbarrow
20:12 Gold Mining
20:13 Stone Mining
23:29 Loom
26:15 Imperial Age
24:01 Hand Cart
23:31 Town Watch
24:39 Fletching
24:50 Padded Archer Armor
25:28 Town Patrol
25:53 Thumb Ring
25:44 Bodkin Arrow
26:05 Leather Archer Armor
26:40 Medical Corps
27:23 Ballistics
26:47 Elite Elephant Archer
27:28 Bracer
27:59 Ring Archer Armor
29:12 Chemistry
30:05 Conscription
32:31 Elite Skirmisher
36:26 Crossbowman
43:23 Siege Elephant
45:22 Arbalester
46:55 Light Cavalry
47:36 Husbandry
Squirrel of DEATH
7:54 Feudal Age
9:49 Double-Bit Axe
12:13 Castle Age
10:23 Horse Collar
13:23 Bow Saw
13:44 Heavy Plow
19:00 Wheelbarrow
19:08 Loom
21:30 Hand Cart
24:27 Imperial Age
22:16 Fletching
23:59 Ballistics
23:53 Bodkin Arrow
24:47 Forging
24:43 Scale Barding Armor
25:05 Padded Archer Armor
25:39 Masonry
28:14 Conscription
29:22 Chemistry
29:37 Bracer
36:11 Husbandry
36:39 Leather Archer Armor
36:35 Bloodlines
37:08 Parthian Tactics
36:49 Thumb Ring
37:51 Heavy Cavalry Archer
40:15 Gold Mining
42:31 Capped Ram
42:53 Light Cavalry
43:54 Chain Barding Armor
44:10 Iron Casting
45:13 Siege Ram
47:36 Caravan
51:18 Hussar
52:58 Plate Barding Armor
53:23 Blast Furnace
klostrofobikköstebek
6:52 Feudal Age
10:42 Castle Age
9:19 Double-Bit Axe
12:19 Horse Collar
14:07 Wheelbarrow
17:52 Hand Cart
22:56 Imperial Age
20:53 Loom
21:43 Bow Saw
21:40 Heavy Plow
22:08 Padded Archer Armor
21:58 Fletching
22:47 Gold Mining
22:47 Stone Mining
24:47 Chemistry
24:57 Leather Archer Armor
24:38 Bodkin Arrow
26:17 Ring Archer Armor
28:55 Shatagni
29:16 Conscription
29:06 Bracer
30:32 Two-Man Saw
30:09 Gold Shaft Mining
31:39 Scale Barding Armor
31:45 Forging
32:07 Ballistics
34:45 Chain Barding Armor
35:01 Iron Casting
35:28 Husbandry
35:41 Bloodlines
35:43 Heavy Camel Rider
37:07 Plate Barding Armor
36:11 Onager
37:09 Imperial Camel Rider
39:07 Caravan
40:30 Blast Furnace
42:02 Siege Engineers
43:45 Fortified Wall
43:56 Light Cavalry
47:11 Elite Skirmisher
47:57 Thumb Ring
49:17 Thumb Ring
İhtiyar
7:37 Feudal Age
12:41 Castle Age
10:46 Double-Bit Axe
10:42 Horse Collar
12:26 Wheelbarrow
14:05 Bow Saw
13:59 Heavy Plow
13:51 Gold Mining
18:40 Stone Mining
19:54 Detinets
20:11 Bloodlines
19:53 Fletching
21:39 Gold Shaft Mining
20:54 Loom
21:50 Forging
22:19 Scale Barding Armor
23:56 Iron Casting
25:17 Bodkin Arrow
26:49 Chain Barding Armor
29:27 Husbandry
32:38 Imperial Age
32:43 Elite Boyar
33:44 Conscription
34:00 Hoardings
34:39 Blast Furnace
35:21 Plate Barding Armor
35:08 Murder Holes
35:34 Ballistics
37:32 Caravan
49:21 Padded Archer Armor
50:35 Elite Skirmisher
51:24 Scale Mail Armor
waLLefps.
9:14 Feudal Age
10:12 Double-Bit Axe
10:10 Horse Collar
14:47 Castle Age
12:40 Gold Mining
13:38 Champi Runner
14:19 Scale Mail Armor
14:30 Forging
14:08 Arson
15:55 Chain Mail Armor
15:43 Squires
16:15 Bow Saw
16:18 Heavy Plow
17:06 Iron Casting
16:16 Champi Warrior
18:32 Wheelbarrow
26:07 Loom
28:33 Pikeman
31:38 Hand Cart
36:20 Imperial Age
33:50 Town Watch
34:42 Fletching
34:53 Padded Archer Armor
35:15 Ballistics
34:57 Elite Skirmisher
35:42 Thumb Ring
35:46 Andean Sling
35:58 Bodkin Arrow
36:20 Leather Archer Armor
37:31 Bracer
38:32 Chemistry
39:23 Ring Archer Armor
38:48 Halberdier
41:50 Murder Holes
42:52 Plate Mail Armor
48:19 Conscription
Tameryig1t
8:59 Feudal Age
13:05 Castle Age
11:01 Double-Bit Axe
11:01 Horse Collar
12:03 Gold Mining
12:16 Scale Mail Armor
12:27 Forging
16:03 Squires
28:00 Loom
28:50 Wheelbarrow
33:23 Chain Mail Armor
33:43 Iron Casting
33:41 Fletching
35:17 Pikeman
35:17 Man-at-Arms
36:19 Hand Cart
35:50 Town Watch
36:18 Heavy Plow
36:17 Bodkin Arrow
40:35 Imperial Age
40:57 Ballistics
40:42 Padded Archer Armor
40:26 Elite Skirmisher
42:26 Chemistry
43:40 Bracer
43:56 Leather Archer Armor
46:41 Ring Archer Armor
49:03 Bow Saw
49:33 Crop Rotation
Connection lost

Rejoining the realm…

Still unreachable

The connection could not be restored.

Session expired

The server has moved on; the page needs a fresh start.